 Dungeon Crawl Stone Soup version 0.17-a0-512-gd6a67cc (webtiles) character file.

89 Fluffy the Slasher (level 4, -9/33 HPs)
             Began as a Demonspawn Gladiator on Apr 11, 2015.
             Killed by nerve-wracking pain
             ... invoked by an orc priest
              (13 damage)
             ... on level 3 of the Dungeon.
             The game lasted 00:04:09 (2333 turns).

Fluffy the Slasher (Demonspawn Gladiator)           Turns: 2333, Time: 00:04:09

Health: -9/33      AC: 14    Str: 16    XL:     4   Next: 31%
Magic:  4/4        EV:  7    Int:  9    God:
Gold:   107        SH:  0    Dex: 16    Spells: 0 memorised, 3 levels left

rFire  . . .     SeeInvis .     a - +0 long sword
rCold  . . .     Clarity  .     u - +0 chain mail (curse)
rNeg   . . .     SustAb   .     (no shield)
rPois  .         Gourm    .     q - +2 helmet
rElec  .         Spirit   .     (no cloak)
rCorr  .         Warding  .     n - +2 pair of gloves
rMut   .         Stasis   .     (no boots)
MR     .....                    (no amulet)
Stlth  ..........               (no ring)
                                (no ring)

@: not resistant to hostile enchantments, extremely unstealthy
A: talons 1, thin skeletal structure 1
a: no special abilities


You were on level 3 of the Dungeon.
You were not hungry.

You visited 1 branch of the dungeon, and saw 3 of its levels.

You collected 107 gold pieces.

Inventory:

Hand weapons
 a - a +0 long sword (weapon)
Missiles
 d - 3 throwing nets (quivered)
Armour
 n - a +2 pair of gloves (worn)
 q - a +2 helmet (worn)
 u - a cursed +0 chain mail (worn)
Scrolls
 b - a scroll of teleportation {unknown}
 h - a scroll of identify {unknown}
 l - a scroll of noise {unknown}
 o - a scroll of immolation {unknown}
 p - 2 scrolls of magic mapping {unknown}
 s - a scroll of amnesia {unknown}
Potions
 e - a potion of brilliance {unknown}
 i - a potion of invisibility {unknown}
 m - a potion of poison {unknown}
 r - a potion of flight {unknown}
Books
 k - a book of Minor Magic

   Spells                             Type                      Level
   a - Magic Dart                     Conjuration                  1
   b - Blink                          Translocation                2
   c - Call Imp                       Summoning                    2
   d - Repel Missiles                 Charms/Air                   2
   e - Slow                           Hexes                        2
   f - Conjure Flame                  Conjuration/Fire             3
   g - Mephitic Cloud                 Conjuration/Poison/Air       3
Comestibles
 f - 2 bread rations
 g - 2 beef jerkies
 t - 2 chunks of flesh


   Skills:
 + Level 2.2 Fighting
 + Level 4.4 Long Blades
 - Level 1.7 Throwing
 + Level 0.6 Armour
 - Level 2.6 Dodging


You had 3 spell levels left.
You didn't know any spells.

Dungeon Overview and Level Annotations

Branches:
Dungeon (3/15)

Altars:
Cheibriados


Innate Abilities, Weirdness & Mutations

You have sharp toenails.
You have a somewhat thin skeletal structure (Dex +2, Stealth).


Message History

You closely miss the orc priest.
You claw the orc priest, but do no damage.
The orc priest barely misses you.
You hit the orc priest.
The orc priest is lightly wounded.
The orc priest calls down the wrath of Beogh upon you.
Something smites you!
You hit the orc priest but do no damage.
Your kick misses the orc priest.
The orc priest is lightly wounded.
The orc priest hits you but does no damage.
You barely miss the orc priest.
You claw the orc priest, but do no damage.
The orc priest is lightly wounded.
The orc priest invokes the aid of Beogh against you.
Something smites you!
* * * LOW HITPOINT WARNING * * *
The orc priest invokes the aid of Beogh against you.
Pain shoots through your body!
You die...

###.#....
.......... .
..........
...##..........
.............#.#
#..............
#..o......#...#
#o.......#
##@.###..#
#<.......#
##.####..# ....
# #####


You could see an orc priest.

Vanquished Creatures
  Ijyb (D:2)
  An adder (D:2)
  A giant gecko (D:1)
  3 orcs (D:2)
  10 bats
  A giant cockroach (D:2)
  6 goblins
  3 hobgoblins
  4 jackals (D:1)
  5 kobolds
  2 oozes
  A quokka (D:2)
  A ball python (D:2)
  A giant newt (D:2)
  7 rats
47 creatures vanquished.

Notes
Turn   | Place    | Note
--------------------------------------------------------------
     0 | D:1      | Fluffy, the Demonspawn Gladiator, began the quest for the Orb.
     0 | D:1      | Reached XP level 1. HP: 16/16 MP: 1/1
    52 | D:1      | Reached skill level 3 in Long Blades
    95 | D:1      | Gained mutation: You have sharp toenails. [demonic ancestry]
    95 | D:1      | Reached XP level 2. HP: 16/22 MP: 2/2
   863 | D:2      | Noticed Ijyb
   890 | D:2      | Killed Ijyb
   890 | D:2      | Reached skill level 4 in Long Blades
   890 | D:2      | Gained mutation: You have a somewhat thin skeletal structure (Dex +2, Stealth). [demonic ancestry]
   890 | D:2      | Reached XP level 3. HP: 6/27 MP: 3/3
  1634 | D:2      | Reached XP level 4. HP: 11/33 MP: 4/4
  1948 | D:2      | Found a snail-covered altar of Cheibriados.
  2333 | D:3      | Killed from afar by an orc priest

Action                   |  1- 3 |  4- 6 || total
-------------------------+-------+-------++-------
Melee: Long sword        |   118 |    37 ||   155
 Stab: Sleeping          |       |     1 ||     1
  Eat: Chunk             |     2 |     3 ||     5
